PCL
REDWOOD CITY REDWOODS @ VANCOUVER VIPERS
06/04/2023
 
TOP OF THE 1ST
Redwood City Redwoods batting - Pitching for Vancouver Vipers : RHP Jason Taylor
Pitching: RHP Jason Taylor
Batting: RHB Edgardo Gonzáles 0-0: Called Strike
0-1: Swinging Strike
0-2: Strikes out swinging
Batting: RHB Anastasio García 0-0: Ball
1-0: Ball
2-0: Ball
3-0: Called Strike
3-1: Foul Ball, location: 2F
3-2: Foul Ball, location: 2F
3-2: Foul Ball, location: 2F
3-2: Ground out 1-3 (Groundball, 15)
Batting: LHB Paul Alexander 0-0: Called Strike
0-1: Called Strike
0-2: Ball
1-2: Strikes out swinging
Top of the 1st over - 0 run(s), 0 hit(s), 0 error(s), 0 left on base; Redwood City 0 - Vancouver 0
BOTTOM OF THE 1ST
Vancouver Vipers batting - Pitching for Redwood City Redwoods : RHP Manny Maldonado
Pitching: RHP Manny Maldonado
Batting: LHB Mike Williams 0-0: Ball
1-0: Reached on error, E6 (Groundball, 6M)
Batting: RHB Kel Pierce 0-0: Fly out, F3 (Line Drive, 34)
Batting: RHB Dan Tyler 0-0: Called Strike
Throwing error on steal attempt, E2
Mike Williams scores
0-1: Ball
1-1: Ball
2-1: Swinging Strike
2-2: Reached on error, E3 (Groundball, 34)
Batting: LHB Javier Matos 0-0: Called Strike
0-1: Fly out, F7 (Flyball, 7M)
Batting: RHB Kenneth Corbitt 0-0: Fly out, F1 (Popup, 25)
Bottom of the 1st over - 1 run(s), 0 hit(s), 3 error(s), 1 left on base; Redwood City 0 - Vancouver 1
TOP OF THE 2ND
Redwood City Redwoods batting - Pitching for Vancouver Vipers : RHP Jason Taylor
Batting: LHB Eduardo Alomar 0-0: SOLO HOME RUN (Line Drive, 9D), Distance : 382 ft
Batting: RHB Robinson Martínez 0-0: Called Strike
0-1: Ball
1-1: Ball
2-1: Foul Ball, location: 2F
2-2: Ball
3-2: Strikes out looking
Batting: RHB William Parker 0-0: Ball
1-0: Ground out 3-1 (Groundball, 34)
Batting: LHB Juan Hernández 0-0: Foul Ball, location: 2F
0-1: Called Strike
0-2: Ball
1-2: Strikes out looking
Top of the 2nd over - 1 run(s), 1 hit(s), 0 error(s), 0 left on base; Redwood City 1 - Vancouver 1
BOTTOM OF THE 2ND
Vancouver Vipers batting - Pitching for Redwood City Redwoods : RHP Manny Maldonado
Batting: RHB Howard Lane 0-0: Ground out 5-3 (Groundball, 5)
Batting: RHB Lorenzo González 0-0: Ball
1-0: Called Strike
1-1: Foul Ball, location: 2F
1-2: Strikes out looking
Batting: RHB Tomás Estrada 0-0: Swinging Strike
0-1: Ball
1-1: Foul Ball, location: 2F
1-2: Ball
2-2: Foul Ball, location: 2F
2-2: Ball
3-2: Base on Balls
Batting: RHB Cristo Gilera 0-0: Ball
1-0: Ball
2-0: Called Strike
2-1: Foul Ball, location: 2F
2-2: Strikes out swinging
Bottom of the 2nd over - 0 run(s), 0 hit(s), 0 error(s), 1 left on base; Redwood City 1 - Vancouver 1
TOP OF THE 3RD
Redwood City Redwoods batting - Pitching for Vancouver Vipers : RHP Jason Taylor
Batting: SHB Jaime Manuel 0-0: Ball
1-0: Foul Ball, location: 2F
1-1: Swinging Strike
1-2: Foul Ball, location: 2F
1-2: Strikes out looking
Batting: RHB Bobby McIntosh 0-0: Ball
1-0: Ball
2-0: Called Strike
2-1: SINGLE (Line Drive, 7LS)
Batting: RHB Edgardo Gonzáles 0-0: Hit by Pitch
Bobby McIntosh to second
Batting: RHB Anastasio García 0-0: Ball
1-0: Ball
2-0: Ball
3-0: Fly out, F9 (Flyball, 89S)
Batting: LHB Paul Alexander 0-0: Ball
1-0: SINGLE (Groundball, 5D)
Bobby McIntosh to third
Edgardo Gonzáles to second
Runner from 3rd tries for Home, throw and OUT!
Top of the 3rd over - 0 run(s), 2 hit(s), 0 error(s), 2 left on base; Redwood City 1 - Vancouver 1
BOTTOM OF THE 3RD
Vancouver Vipers batting - Pitching for Redwood City Redwoods : RHP Manny Maldonado
Batting: LHB Mike Williams 0-0: Ball
1-0: Bunt for hit - play at first, batter safe!
Batting: RHB Kel Pierce 0-0: Called Strike
0-1: Foul Ball, location: 2F
0-2: Ball
1-2: Fly out, F4 (Line Drive, 4)
Batting: RHB Dan Tyler 0-0: Called Strike
0-1: Ball
1-1: Ball
Mike Williams steals 2nd base
2-1: Ball
3-1: Called Strike
3-2: Foul Ball, location: 2F
3-2: Foul Ball, location: 2F
3-2: Base on Balls
Batting: LHB Javier Matos 0-0: Fly out, F9 (Flyball, 89M)
Batting: RHB Kenneth Corbitt 0-0: Fly out, F9 (Flyball, 89M)
Bottom of the 3rd over - 0 run(s), 1 hit(s), 0 error(s), 2 left on base; Redwood City 1 - Vancouver 1
TOP OF THE 4TH
Redwood City Redwoods batting - Pitching for Vancouver Vipers : RHP Jason Taylor
Batting: LHB Eduardo Alomar 0-0: Called Strike
0-1: Called Strike
0-2: Strikes out looking
Batting: RHB Robinson Martínez 0-0: Ball
1-0: Swinging Strike
1-1: Ball
2-1: Called Strike
2-2: Ground out 5-3 (Groundball, 56)
Batting: RHB William Parker 0-0: Ball
1-0: Fly out, F8 (Flyball, 8RM)
Top of the 4th over - 0 run(s), 0 hit(s), 0 error(s), 0 left on base; Redwood City 1 - Vancouver 1
BOTTOM OF THE 4TH
Vancouver Vipers batting - Pitching for Redwood City Redwoods : RHP Manny Maldonado
Batting: RHB Howard Lane 0-0: Ball
1-0: Called Strike
1-1: Ground out 6-3 (Groundball, 6)
Batting: RHB Lorenzo González 0-0: Called Strike
0-1: Called Strike
0-2: Fly out, F8 (Flyball, 8LM)
Batting: RHB Tomás Estrada 0-0: SINGLE (Line Drive, 56D)
Batting: RHB Cristo Gilera 0-0: Ball
1-0: Called Strike
1-1: Called Strike
Tomás Estrada is caught stealing 2nd base
Bottom of the 4th over - 0 run(s), 1 hit(s), 0 error(s), 0 left on base; Redwood City 1 - Vancouver 1
TOP OF THE 5TH
Redwood City Redwoods batting - Pitching for Vancouver Vipers : RHP Jason Taylor
Batting: LHB Juan Hernández 0-0: Ball
1-0: Ball
2-0: SINGLE (Flyball, 8RS)
Batting: SHB Jaime Manuel 0-0: Swinging Strike
0-1: Ball
1-1: Hit by Pitch
Juan Hernández to second
Batting: RHB Bobby McIntosh 0-0: Ball
1-0: Ball
2-0: Ball
3-0: Base on Balls
Juan Hernández to third
Jaime Manuel to second
Batting: RHB Edgardo Gonzáles 0-0: Grounds into double play, 6-4-3 (Groundball, 6)
Juan Hernández scores
Jaime Manuel to third
Batting: RHB Anastasio García 0-0: Swinging Strike
0-1: Foul Ball, location: 2F
0-2: Ball
1-2: Foul Ball, location: 2F
1-2: Strikes out swinging
Top of the 5th over - 1 run(s), 1 hit(s), 0 error(s), 1 left on base; Redwood City 2 - Vancouver 1
BOTTOM OF THE 5TH
Vancouver Vipers batting - Pitching for Redwood City Redwoods : RHP Manny Maldonado
Batting: RHB Cristo Gilera 0-0: Ball
1-0: Ball
2-0: Swinging Strike
2-1: SINGLE (Line Drive, 6D)
Batting: LHB Mike Williams 0-0: Fly out, F4 (Popup, 4)
Batting: RHB Kel Pierce 0-0: Ball
1-0: Ball
2-0: Ball
3-0: Base on Balls
Cristo Gilera to second
Batting: RHB Dan Tyler 0-0: Swinging Strike
0-1: Foul Ball, location: 2F
0-2: Strikes out looking
Batting: LHB Javier Matos 0-0: Ball
1-0: Foul Ball, location: 2F
1-1: Ball
2-1: Ground out 4-3 (Groundball, 4)
Bottom of the 5th over - 0 run(s), 1 hit(s), 0 error(s), 2 left on base; Redwood City 2 - Vancouver 1
TOP OF THE 6TH
Redwood City Redwoods batting - Pitching for Vancouver Vipers : RHP Jason Taylor
Batting: LHB Paul Alexander 0-0: Ground out U3 (Groundball, 3)
Batting: LHB Eduardo Alomar 0-0: Called Strike
0-1: Ground out U3 (Groundball, 3L)
Batting: RHB Robinson Martínez 0-0: Called Strike
0-1: Ball
1-1: Foul Ball, location: 2F
1-2: Ball
2-2: Ball
3-2: Base on Balls
Batting: RHB William Parker 0-0: Called Strike
0-1: Ground out 6-3 (Groundball, 6)
Top of the 6th over - 0 run(s), 0 hit(s), 0 error(s), 1 left on base; Redwood City 2 - Vancouver 1
BOTTOM OF THE 6TH
Vancouver Vipers batting - Pitching for Redwood City Redwoods : RHP Manny Maldonado
Batting: RHB Kenneth Corbitt 0-0: Ground out 4-3 (Groundball, 4)
Batting: RHB Howard Lane 0-0: Called Strike
0-1: Foul Ball, location: 2F
0-2: Ball
1-2: Reached on error, E6 (Groundball, 6)
Batting: RHB Lorenzo González 0-0: Called Strike
0-1: Ball
1-1: Swinging Strike
1-2: Strikes out swinging
Batting: RHB Tomás Estrada 0-0: Swinging Strike
0-1: Fielders Choice at 2nd, U6 (Groundball, 6M)
Bottom of the 6th over - 0 run(s), 0 hit(s), 1 error(s), 1 left on base; Redwood City 2 - Vancouver 1
TOP OF THE 7TH
Redwood City Redwoods batting - Pitching for Vancouver Vipers : RHP Jason Taylor
Batting: LHB Juan Hernández 0-0: Ball
1-0: Ground out 4-3 (Groundball, 34)
Batting: SHB Jaime Manuel 0-0: Ball
1-0: Called Strike
1-1: Ball
2-1: Foul Ball, location: 2F
2-2: Ball
3-2: Strikes out looking
Batting: RHB Bobby McIntosh 0-0: Ball
1-0: Ball
2-0: Fly out, F8 (Flyball, 8LM)
Top of the 7th over - 0 run(s), 0 hit(s), 0 error(s), 0 left on base; Redwood City 2 - Vancouver 1
BOTTOM OF THE 7TH
Vancouver Vipers batting - Pitching for Redwood City Redwoods : RHP Manny Maldonado
Batting: RHB Cristo Gilera 0-0: Ball
1-0: SINGLE (Flyball, 8LS)
Pinch Hitting: LHB Marcos Cantú 0-0: Ball
1-0: Sac Bunt - play at first, batter OUT! 2-4
Cristo Gilera to second
Pinch Hitting: LHB Ray Spencer 0-0: Called Strike
0-1: Ball
1-1: Fly out, F7 (Flyball, 7M)
Batting: RHB Dan Tyler 0-0: Called Strike
0-1: Fly out, F8 (Line Drive, 8LM)
Bottom of the 7th over - 0 run(s), 1 hit(s), 0 error(s), 1 left on base; Redwood City 2 - Vancouver 1
TOP OF THE 8TH
Redwood City Redwoods batting - Pitching for Vancouver Vipers : RHP Jason Taylor
Now at 2B: Richard Bowman
Now in CF: Ray Spencer
Batting: RHB Edgardo Gonzáles 0-0: Ball
1-0: Ball
2-0: Called Strike
2-1: SOLO HOME RUN (Line Drive, 78XD), Distance : 433 ft
Batting: RHB Anastasio García 0-0: Called Strike
0-1: Ball
1-1: Called Strike
1-2: Strikes out swinging
Pitching: LHP Bill Wilson
Batting: LHB Paul Alexander 0-0: Ball
1-0: Swinging Strike
1-1: Foul Ball, location: 2F
1-2: Strikes out swinging
Pitching: LHP Malcolm Moore
Batting: LHB Eduardo Alomar 0-0: Ball
1-0: Foul Ball, location: 2F
1-1: Swinging Strike
1-2: Strikes out swinging
Top of the 8th over - 1 run(s), 1 hit(s), 0 error(s), 0 left on base; Redwood City 3 - Vancouver 1
BOTTOM OF THE 8TH
Vancouver Vipers batting - Pitching for Redwood City Redwoods : RHP Manny Maldonado
Now at C: Orlando Santos
Now at SS: Yataro Abe
Batting: LHB Javier Matos 0-0: Called Strike
0-1: Ball
1-1: Called Strike
1-2: Strikes out swinging
Batting: RHB Kenneth Corbitt 0-0: Ball
1-0: Fly out, F5 (Popup, 5F)
Batting: RHB Howard Lane 0-0: Foul Ball, location: 2F
0-1: Swinging Strike
0-2: Foul Ball, location: 2F
0-2: Fly out, F8 (Flyball, 8LXD)
Bottom of the 8th over - 0 run(s), 0 hit(s), 0 error(s), 0 left on base; Redwood City 3 - Vancouver 1
TOP OF THE 9TH
Redwood City Redwoods batting - Pitching for Vancouver Vipers : LHP Malcolm Moore
Batting: RHB Robinson Martínez 0-0: Ball
1-0: Ball
2-0: Ball
3-0: Base on Balls
Batting: RHB William Parker 0-0: Ball
1-0: Fly out, F3 (Popup, 3SF)
Batting: LHB Juan Hernández 0-0: Called Strike
0-1: Called Strike
0-2: Foul Ball, location: 2F
0-2: Fielders Choice at 2nd, 3-6 (Groundball, 34)
Batting: SHB Jaime Manuel 0-0: Ball
1-0: Ball
2-0: Ball
3-0: Called Strike
3-1: Fly out, F7 (Flyball, 78M)
Top of the 9th over - 0 run(s), 0 hit(s), 0 error(s), 1 left on base; Redwood City 3 - Vancouver 1
BOTTOM OF THE 9TH
Vancouver Vipers batting - Pitching for Redwood City Redwoods : RHP Manny Maldonado
Pitching: LHP Fernando Alvarado
Batting: RHB Lorenzo González 0-0: Called Strike
0-1: Ball
1-1: Swinging Strike
1-2: Strikes out swinging
Batting: RHB Tomás Estrada 0-0: Ball
1-0: TRIPLE (Flyball, 7D)
Pinch Hitting: SHB Henry Copeland 0-0: Foul Ball, location: 2F
0-1: Ball
1-1: DOUBLE (Line Drive, 8LXD)
Tomás Estrada scores
Pinch Hitting: RHB Pedro Fuentes 0-0: Ball
1-0: Swinging Strike
1-1: Ball
2-1: Ball
3-1: Base on Balls
Pinch Hitting: SHB Anastasio Ortíz 0-0: Reached on error, E4 (Groundball, 4)
Henry Copeland to third
Pedro Fuentes to second
Batting: RHB Dan Tyler 0-0: Called Strike
0-1: Ball
1-1: Ball
2-1: Foul Ball, location: 2F
2-2: Foul Ball, location: 2F
2-2: SINGLE (Groundball, 6MD)
Henry Copeland scores
Pedro Fuentes to third
Anastasio Ortíz to second
Runner from 3rd tries for Home, SAFE, no throw or cutoff
This league is powered by Out of the Park Baseball, the baseball management simulation game for PC, Mac and Linux
Wednesday, December 2nd, 2015 - OOTP Baseball 16.8 Build 38